 Dungeon Crawl Stone Soup version 0.31-a0-986-g5e6e4ef867 (webtiles) character file.

Game seed: 306248739834592653

476 Xavori the Trooper (level 7, -3/52 HPs)
             Began as a Djinni Chaos Knight on Nov 6, 2023.
             Was a Plaything of Xom.
             Killed by divine providence
             ... invoked by an orc priest
              (13 damage)
             ... on level 4 of the Dungeon.
             The game lasted 00:04:04 (7777 turns).

Xavori the Trooper (Djinni Chaos Knight)            Turns: 7777, Time: 00:04:05

Health: -3/52      AC:  5    Str: 13      XL:     7   Next: 33%
Gold:   437        EV: 14    Int: 11      God:    Xom [.*....] SH:  0 Dex: 20 (21)

rFire   + + .        a - +0 falchion (chaos)
rCold   x . .        (no shield)
rNeg    . . .        b - +2 leather armour
rPois   ∞            (helmet restricted)
rElec   .            u - scarf {repulsion}
rCorr   +            (no gloves)
SInv    +            (boots unavailable)
Will    .....        (no amulet)
Stlth   +            v - ring of resist corrosion
HPRegen 0.28/turn    (no ring)
MPRegen 0.00/turn

%: repel missiles, infuse magic (-4 HP)
@: flying, invisible
A: sickness immunity, fire resistance 2, cold vulnerability 1, float, innate
caster, HP casting, extra vitality 1, horns 2, see invisible, agile 2,
deterioration 1, sense surroundings 1, strong 1, wild magic 1
a: Renounce Religion


You were on level 4 of the Dungeon.
You worshipped Xom.
You were a plaything of Xom.
You visited 1 branch of the dungeon, and saw 4 of its levels.
You also visited: Ossuary.

You collected 437 gold pieces.

Inventory:

Hand Weapons
 a - a +0 falchion of chaos (weapon)
Armour
 b - a +2 leather armour (worn)
 u - a scarf of repulsion (worn)
Jewellery
 v - a ring of resist corrosion (left hand)
Scrolls
 c - a scroll of butterflies
 d - 2 scrolls of enchant weapon {unknown}
 e - a scroll of poison {unknown}
 f - a scroll of fog {unknown}
 g - a scroll of revelation {unknown}
 h - a scroll of fear {unknown}
 q - a scroll of identify {unknown}
 t - a scroll of teleportation {unknown}
Potions
 i - a potion of ambrosia {unknown}
 j - 2 potions of berserk rage
 k - 2 potions of degeneration {unknown}
 l - 3 potions of attraction
 m - a potion of lignification {unknown}
 n - 2 potions of invisibility {unknown}
 o - 2 potions of curing {unknown}
 p - a potion of magic {unknown}
 r - a potion of heal wounds {unknown}
 s - a potion of brilliance {unknown}


   Skills:
 + Level 4.2 Fighting
 + Level 3.8 Long Blades
 + Level 3.0 Armour
 + Level 3.9 Dodging
 * Level 2.5 Spellcasting
 * Level 2.5 Conjurations
 * Level 2.5 Hexes
 * Level 2.5 Summonings
 * Level 2.5 Necromancy
 * Level 2.5 Translocations
 * Level 2.5 Transmutations
 * Level 2.5 Fire Magic
 * Level 2.5 Ice Magic
 * Level 2.5 Air Magic
 * Level 2.5 Earth Magic
 * Level 2.5 Poison Magic


You knew the following spells:

 Your Spells              Type           Power      Damage    Failure   Level
a - Necrotise             Necr           32%        1d5       19%         1
b - Call Imp              Summ           16%        N/A       26%         2
c - Sigil of Binding      Hex            8%         N/A       45%         3
Your spell library was empty.

Dungeon Overview and Level Annotations

Branches:
Dungeon (4/15)             Temple (0/1) D:4         Ossuary (visited)

Altars:
Ashenzari
Xom


Innate Abilities, Weirdness & Mutations

You are immune to sickness and miasma.
You are immune to poison.
Your flesh is very heat resistant. (rF++)
You are vulnerable to cold. (rC-)
You float through the air rather than walking.
You learn spells naturally, not from books.
Your magical power is your life essence.
You have superior vitality. (+4 MHP)
You have a pair of horns on your head.
You have supernaturally acute eyesight. (SInv)
You are very agile. (Dex +8, Str/Int -2)
Your body sometimes deteriorates upon taking damage.
You passively map a small area around you.
Your muscles are strong. (Str +4, Int/Dex -1)
Your spells are a little harder to cast, but a little more powerful.


Message History

The orc priest hits you with a +0 hand axe.
The orc priest misses your cerulean imp.
The orc barely misses you. The orc closely misses you.
Your cerulean imp completely misses the orc.
You hit the orc priest but do no damage.
You headbutt the orc priest!
The orc priest is heavily wounded.
The orc priest hits you with a +0 hand axe.
The orc priest barely misses your cerulean imp.
The orc barely misses you. The orc hits you but does no damage.
The orc hits you with a +0 hand axe.
Your cerulean imp barely misses the orc.
You hit the orc priest but do no damage.
You headbutt the orc priest, but do no damage.
The orc priest is heavily wounded.
The orc priest misses you.
The orc priest hits your cerulean imp but does no damage.
The orc misses you. The orc closely misses you. x2
Your cerulean imp closely misses the orc priest.
The orc hits you with a +0 hand axe.
The orc priest hits you but does no damage.
The orc priest hits your cerulean imp but does no damage.
The orc hits you with a +0 flail!
* * * LOW HITPOINT WARNING * * *
The orc hits you but does no damage.
You slash the orc priest! Your headbutt misses the orc priest.
The orc priest is almost dead.
Your cerulean imp hits the orc priest but does no damage.
The orc priest hits your cerulean imp with a +0 hand axe.
The orc priest barely misses you. The orc barely misses you.
The sleepcap misses you. The orc misses you. x2
Unknown command.
You barely miss the orc priest.
The orc priest is almost dead. "Go forth and cause havoc, mortal!"
You fade into invisibility!
Your cerulean imp closely misses the orc priest.
The orc priest calls down the wrath of Beogh upon you.
Beogh smites you!
You die...

# #.# *..### #####
##....#
##...######......#
#........#........
###............... ###
##..[...oo......, ##.#
####...5@oJ.....
##))###..#....fo...?..
*
#....#................
, *
##...............##...
#..............).# ..
#...##..........## ,.
, *
####....#.....##.)..,,
,
..#............#.....
, ...†................
,


You could see a sleepcap (unable to see you), an orc priest (unable to see you,
ally target), 3 orcs, an endoplasm and a friendly cerulean imp (summoned).

Vanquished Creatures
  An ogre (D:4)
  A jelly (D:4)
  A hound (D:4)
  A sleepcap (D:4)
  An orc wizard (D:4)
  8 mummies (Ossuary)
  9 adders
  An adder zombie (D:2)
  3 worms
  9 orcs
  4 bats
  5 endoplasms
  2 giant cockroaches (D:2)
  A gnoll zombie (Ossuary)
  4 goblins
  9 hobgoblins
  10 jackals (D:1)
  A quokka (D:1)
  5 ball pythons
  A ball python skeleton (D:2)
  A giant cockroach zombie (D:2)
  2 hobgoblin zombies (Ossuary)
  7 kobolds
  A kobold zombie (Ossuary)
  2 orc zombies (Ossuary)
  4 quokka skeletons (D:2)
  2 rats
96 creatures vanquished.

Vanquished Creatures (collateral kills)
  A gnoll zombie (Ossuary)
  A kobold zombie (Ossuary)
2 creatures vanquished.

Vanquished Creatures (others)
  An orc zombie (D:4)
1 creature vanquished.

Grand Total: 99 creatures vanquished

Notes
Turn   | Place    | Note
-------+----------+-------------------------------------------
     0 | D:1      | Xavori the Djinni Chaos Knight began the quest for the Orb.
     0 | D:1      | Reached XP level 1. HP: 20/20 MP: 0/0
   365 | D:1      | Reached XP level 2. HP: 25/25 MP: 0/0
   548 | D:1      | XOM: silly message
   554 | D:1      | XOM: divination: detect items
   568 | D:1      | Reached XP level 3. HP: 20/30 MP: 0/0
   568 | D:1      | Learned a level 1 spell: Necrotise
   620 | D:1      | XOM: noise
   889 | D:1      | XOM: potion effect (haste)
  1100 | D:1      | XOM: god gift: scroll labelled JUYNER LEKHA {god gift}
  1353 | D:1      | XOM: give mutations
  1353 | D:1      | Gained mutation: You are dopey. (Int -2) [Xom's mischief]
  1353 | D:1      | Gained mutation: Armour fits poorly on your strangely
                  | shaped body. [Xom's mischief]
  1353 | D:1      | Gained mutation: You are very dopey. (Int -4) [Xom's
                  | mischief]
  1417 | D:1      | XOM: noise
  2935 | D:1      | Identified the staff "Leveih" {rF+ Fire Earth} (Xom gifted
                  | it to you on level 1 of the Dungeon)
  2935 | D:1      | XOM: god gift: staff "Leveih" {rF+ Fire Earth}
  3630 | D:1      | XOM: give mutations
  3630 | D:1      | Gained mutation: You passively map a small area around you.
                  | [Xom's grace]
  3630 | D:1      | Gained mutation: Your muscles are strong. (Str +4, Int/Dex
                  | -1) [Xom's grace]
  3630 | D:1      | Gained mutation: You have supernaturally acute eyesight.
                  | (SInv) [Xom's grace]
  3630 | D:1      | Lost mutation: You are very dopey. (Int -4) [Xom's grace]
  4072 | D:1      | XOM: god gift: scroll labelled QURCHA QOKAXEIL {god gift}
  4557 | D:1      | XOM: give mutations
  4557 | D:1      | Gained mutation: Your spells are a little harder to cast,
                  | but a little more powerful. [Xom's grace]
  4557 | D:1      | Gained mutation: You are agile. (Dex +4, Str/Int -1) [Xom's
                  | grace]
  4557 | D:1      | Gained mutation: You have a pair of small horns on your
                  | head. [Xom's grace]
  4557 | D:1      | Gained mutation: You have a pair of horns on your head.
                  | [Xom's grace]
  4808 | D:2      | XOM: silly message
  4833 | D:2      | Reached skill level 1 in Spellcasting
  4833 | D:2      | Reached skill level 1 in Conjurations
  4833 | D:2      | Reached skill level 1 in Hexes
  4833 | D:2      | Reached skill level 1 in Summonings
  4833 | D:2      | Reached skill level 1 in Necromancy
  4833 | D:2      | Reached skill level 1 in Translocations
  4833 | D:2      | Reached skill level 1 in Transmutations
  4833 | D:2      | Reached skill level 1 in Fire Magic
  4833 | D:2      | Reached skill level 1 in Ice Magic
  4833 | D:2      | Reached skill level 1 in Air Magic
  4833 | D:2      | Reached skill level 1 in Earth Magic
  4833 | D:2      | Reached skill level 1 in Poison Magic
  4844 | D:2      | XOM: butterfly on damage
  4901 | D:2      | Found a broken altar of Ashenzari.
  5034 | D:1      | XOM: god gift: 6 stones
  5346 | D:1      | XOM: give mutations
  5346 | D:1      | Gained mutation: You are very agile. (Dex +8, Str/Int -2)
                  | [Xom's mischief]
  5346 | D:1      | Gained mutation: You sometimes lose your temper in combat.
                  | [Xom's mischief]
  5560 | D:2      | Reached XP level 4. HP: 35/35 MP: 0/0
  5633 | D:2      | Found a faded altar of an unknown god.
  6058 | D:2      | XOM: silly message
  6288 | D:3      | Reached XP level 5. HP: 30/40 MP: 0/0
  6288 | D:3      | Learned a level 2 spell: Call Imp
  6763 | D:3      | XOM: scenery: create altars
  6966 | D:4      | Found a sand-covered staircase.
  6972 | Ossuary  | Entered an ossuary
  7016 | Ossuary  | Reached XP level 6. HP: 35/47 MP: 0/0
  7034 | Ossuary  | XOM: confuse monster(s)
  7170 | Ossuary  | XOM: 3-stop teleportation journey
  7182 | Ossuary  | XOM: cleaving
  7237 | Ossuary  | XOM: silly message
  7498 | D:4      | Reached skill level 4 in Fighting
  7515 | D:4      | XOM: silly message
  7551 | D:4      | XOM: give mutations
  7551 | D:4      | Gained mutation: Your body sometimes deteriorates upon
                  | taking damage. [Xom's mischief]
  7551 | D:4      | Lost mutation: You are dopey. (Int -2) [Xom's mischief]
  7551 | D:4      | Lost mutation: You sometimes lose your temper in combat.
                  | [Xom's mischief]
  7551 | D:4      | Lost mutation: Armour fits poorly on your strangely shaped
                  | body. [Xom's mischief]
  7687 | D:4      | Found a staircase to the Ecumenical Temple.
  7711 | D:4      | Noticed an ogre
  7727 | D:4      | Reached XP level 7. HP: 52/52 MP: 0/0
  7727 | D:4      | Learned a level 3 spell: Sigil of Binding
  7777 | D:4      | XOM: potion effect (invisibility)
  7777 | D:4      | Killed from afar by an orc priest

Illustrated notes

Levels and vault maps discovered:
D:1:      dpeg_arrival_simpleton_c, layout_loops_corners, minmay_heptomino_w4
D:2:      layout_loops_ring, basic_altar, serial_undead, serial_undead_e,
          serial_undead_b, serial_undead_a, serial_undead_f, serial_undead_c,
          chequers_ecumenical_altar_simple, chequers_serial_rivers_marsh,
          minmay_misc_feat_roman
D:3:      layout_basic
D:4:      layout_cave_pools, minmay_temple_entry_mist,
          nicolae_ossuary_entry_plus

Skill      XL: |  1  2  3  4  5  6  7 |
---------------+----------------------+-----
Long Blades    | 3 |  3.8
Spellcasting   | 1 2 |  2.5
Conjurations   | 1 2 |  2.5
Hexes          | 1 2 |  2.5
Summonings     | 1 2 |  2.5
Necromancy     | 1 2 |  2.5
Translocations | 1 2 |  2.5
Transmutations | 1 2 |  2.5
Fire Magic     | 1 2 |  2.5
Ice Magic      | 1 2 |  2.5
Air Magic      | 1 2 |  2.5
Earth Magic    | 1 2 |  2.5
Poison Magic   | 1 2 |  2.5
Armour         | 2 3 |  3.0
Dodging        | 3 |  3.9
Fighting       | 4 |  4.2

Action                     |  1- 3 |  4- 6 |  7- 9 || total
---------------------------+-------+-------+-------++-------
  Melee: Falchion          |   153 |   170 |    16 ||   339
         Headbutt          |     5 |    38 |     3 ||    46
         Punch             |       |     1 |       ||     1
   Cast: Call Imp          |       |     1 |     1 ||     2
    Use: Scroll            |     2 |       |       ||     2
         Potion            |       |     2 |       ||     2
   Stab: Sleeping          |     2 |     1 |       ||     3
         Confused          |       |     2 |       ||     2
         Petrifying        |       |     2 |       ||     2
         Distracted        |       |     1 |       ||     1
 Armour: Leather armour    |    92 |    92 |    13 ||   197
  Dodge: Dodged            |   111 |   103 |    14 ||   228

Table legend: (Time is in decaauts)
 A = Elapsed time spent in this place.
 B = Non-inter-level travel time spent in this place.
 C = Inter-level travel time spent in this place.
 D = Time resting spent in this place.
 E = Time spent auto-exploring this place.
 F = Levels seen in this place.
 G = Mean time per level.
                   A        B        C        D        E       F      G
               +--------+--------+--------+--------+--------+-----+--------+
         Total |   7840 |   7737 |    103 |   4499 |   2446 |   5 | 1568.0 |
       Dungeon |   7329 |   7226 |    103 |   4325 |   2262 |   4 | 1832.2 |
       Ossuary |    511 |    511 |      0 |    174 |    184 |   1 |  511.0 |
               +--------+--------+--------+--------+--------+-----+--------+

Top non-repeatable levels by time:
     D:1: 5386 daAuts
     D:3: 846 daAuts
     D:2: 732 daAuts
 Ossuary: 511 daAuts
     D:4: 364 daAuts
